 Dungeon Crawl Stone Soup version 0.31-a0-981-geadf994542 (webtiles) character file.

Game seed: 5605654016291235062

8 ytrimaz the Changeling (level 2, -1/18 HPs)
             Began as an Octopode Shapeshifter on Nov 1, 2023.
             Slain by a kobold
             ... wielding a +0 short sword
              (4 damage)
             ... on level 1 of the Dungeon.
             The game lasted 00:00:27 (241 turns).

ytrimaz the Changeling (Octopode Shapeshifter)       Turns: 241, Time: 00:00:27

Health: -1/18      AC:  1    Str: 13    XL:     2   Next: 8%
Magic:  2/2        EV: 13    Int: 12    God:
Gold:   16         SH:  0    Dex: 11    Spells: 1/1 levels left

rFire   . . .        d - +2 short sword (venom)
rCold   . . .        (no shield)
rNeg    . . .        (helmet currently unavailable)
rPois   .            f - amulet of magic regeneration
rElec   .            (no ring)
rCorr   .            (no ring)
SInv    .            (no ring)
Will    .....        (no ring)
Stlth   +++          (no ring)
HPRegen 0.23/turn    (no ring)
MPRegen 0.48/turn    (no ring)
                     (no ring)

%: no passive effects
@: beast-form
A: beast (slay +1), almost no armour, amphibious, 8 rings, camouflage 1,
gelatinous body 1, (nimble swimmer 1), tentacles
a: Begin Untransformation


You were on level 1 of the Dungeon.
You were a hulking beast.
You visited 1 branch of the dungeon, and saw 1 of its levels.

You collected 16 gold pieces.


Innate Abilities, Weirdness & Mutations

You are a hulking beast.
Your limbs bulge with bestial killing power. (Slay +1)
You cannot wear most types of armour.
You are amphibious.
You can wear up to eight rings at the same time.
Your skin changes colour to match your surroundings (Stealth+).
Your rubbery body absorbs attacks. (AC +1, EV +1)
((You are camouflaged when in or above water. (Stealth+)))
You have tentacles for arms and can constrict up to eight enemies at once.


   Skills:
 - Level 1.0 Fighting
 - Level 2.0 Dodging
 + Level 1.6 Stealth
 - Level 3.0 Unarmed Combat
 + Level 3.2 Shapeshifting


You had one spell level left.
You didn't know any spells.
Your spell library was empty.

Inventory:

Hand Weapons
 d - a +2 short sword of venom (weapon)
   (You found it on level 1 of the Dungeon)
Jewellery
 f - an amulet of magic regeneration (around mantle)
   (You found it on level 1 of the Dungeon)
Talismans
 b - a beast talisman
 c - a flux talisman
Potions
 a - a potion of lignification
 e - 2 potions of resistance {unknown}

Dungeon Overview and Level Annotations

Branches:
Dungeon (1/15) Zot: 5758

Altars:

###...##..# #.......# # ####
#####.......# .# #
....####...........###.##...
.^.......###..............#
.........###......##..#.....
#.....?...#########..## ...
..........########..###... .
..........JbKh............
#........K#####...#####...
#.....)...#.....### #
##..........#####
#.........### ...........
#.........## #.........#
#.........#


You could see an endoplasm, a bat and 2 kobolds.


Message History

There is a faded altar of an unknown god here.
You now have 6 gold pieces.
A hobgoblin comes into view.
A hobgoblin is nearby!
A hobgoblin is nearby!
Found a stone staircase leading down.
A hobgoblin is nearby!
A ball python comes into view.
The helpless hobgoblin fails to defend itself.
You hit the hobgoblin.
The hobgoblin is poisoned.
You grab the hobgoblin. You constrict the hobgoblin.
You kill the hobgoblin!
A ball python is nearby!
A ball python is nearby!
The helpless ball python fails to defend itself.
You hit the ball python.
You kill the ball python!
Your Stealth skill increases to level 1!
No target in view!
You now have 16 gold pieces (gained 10).
Key pressed, stopping explore.
The ball python hisses angrily.
A ball python is nearby!
You closely miss the ball python. Your grab misses the ball python.
The ball python bites you. The ball python grabs you.
The ball python constricts you. The ball python bites you.
The ball python constricts you. 😕 HP[-3]
You take 3 damage, and now have 10/13 hp.
MASSIVE DAMAGE!! (PAUSE)
You puncture the ball python!
You kill the ball python!
Unknown command.
Key pressed, stopping explore.
e - 2 murky sapphire potions 😎 HP[+3]
Your hp is fully restored (13).
Unknown command.
f - an amulet of magic regeneration A giant cockroach comes into view.
A giant cockroach is nearby!
A giant cockroach is nearby!
The helpless giant cockroach fails to defend itself.
You puncture the giant cockroach!
You kill the giant cockroach!
You have reached level 2! 😎 HP[+5] MP[+1]
You now have 18 max hp (+5).
Your hp is fully restored (18).
Your mp is fully restored (2).
You start putting on your amulet.
You continue putting on your amulet of magic regeneration. x5
You finish putting on your amulet of magic regeneration.
f - an amulet of magic regeneration (around mantle)
A goblin comes into view. It is wielding a +0 dagger.
A goblin is nearby!
A goblin is nearby!
A goblin is nearby!
A bat comes into view.
A kobold comes into view. It is wielding a +0 short sword.
A kobold and an endoplasm come into view.
The goblin shouts!
The kobold shouts!
The endoplasm quivers.
The goblin closely misses you.
Unknown command.
You closely miss the goblin. Your grab misses the goblin.
The bat hits you but does no damage. The goblin closely misses you.
The kobold hits you with a +0 short sword. 😕 HP[-2]
You take 2 damage, and now have 16/18 hp.
You barely miss the goblin. Your grab misses the goblin.
The bat barely misses you. The goblin hits you with a +0 dagger.
The kobold barely misses you. 😕 HP[-2]
You take 2 damage, and now have 14/18 hp.
You hit the goblin.
You kill the goblin!
The bat hits you but does no damage.
The kobold hits you with a +0 short sword. 😮 HP[-4]
You take 4 damage, and now have 10/18 hp.
MASSIVE DAMAGE!! (PAUSE)
You are too injured to fight recklessly!
The kobold hits you with a +0 short sword.
* * * LOW HITPOINT WARNING * * *
😨 HP[-5]
You take 5 damage, and now have 5/18 hp.
MASSIVE DAMAGE!! (PAUSE)
The bat barely misses you.
Unknown command.
The bat hits you but does no damage. The kobold attacks as it pursues you!
The kobold hits you with a +0 short sword.
* * * LOW HITPOINT WARNING * * *
😱 HP[-2]
You take 2 damage, and now have 3/18 hp.
The kobold attacks as it pursues you! The kobold misses you.
You hit the kobold.
The kobold is poisoned.
Your grab misses the kobold. Your squeeze misses the kobold.
The kobold hits you with a +0 short sword.
You die...

Skill      XL: |  1 |
---------------+----+-----
Stealth        | 1 |  1.6
Fighting       | |  1.0
Dodging        | |  2.0
Unarmed Combat | |  3.0
Shapeshifting  | |  3.2

Action                     || total
---------------------------++-------
  Melee: Short sword       ||    10
         Unarmed           ||     1
         Constrict         ||     1
   Stab: Sleeping          ||     4
 Armour: Skin              ||    11
  Dodge: Dodged            ||     6

Levels and vault maps discovered:
D:1:      dpeg_arrival_round_b, layout_rooms, basic_ecumenical_altar,
          kennysheep_decorative_pillar

Notes
Turn   | Place    | Note
-------+----------+-------------------------------------------
     0 | D:1      | ytrimaz the Octopode Shapeshifter began the quest for the
                  | Orb.
     0 | D:1      | Reached XP level 1. HP: 13/13 MP: 1/1
     0 | D:1      | magus.rc [v1.9.6]
    88 | D:1      | Found a faded altar of an unknown god.
   132 | D:1      | Reached skill level 1 in Stealth
   213 | D:1      | Reached XP level 2. HP: 18/18 MP: 2/2
   238 | D:1      | HP: 3/18 [kobold/+0 short sword (3)]
   241 | D:1      | Slain by a kobold

Vanquished Creatures
  3 ball pythons (D:1)
  A giant cockroach (D:1)
  A goblin (D:1)
  A hobgoblin (D:1)
  A frilled lizard (D:1)
7 creatures vanquished.

Table legend:
 A = Non-vault XP
 B = Vault XP
 C = Vault XP percentage of total XP
 D = Non-vault monster count
 E = Vault monster count
 F = Vault count percentage of total count
                 A         B        C        D         E       F
            +---------+---------+-------+---------+---------+-------
      Total |      12 |       0 |   0.0 |       7 |       0 |   0.0
            +---------+---------+-------+---------+---------+-------
        D:1 |      12 |       0 |   0.0 |       7 |       0 |   0.0
            +---------+---------+-------+---------+---------+-------

Skill      XL: |  1 |
---------------+----+-----
Stealth        | 1 |  1.6
Fighting       | |  1.0
Dodging        | |  2.0
Unarmed Combat | |  3.0
Shapeshifting  | |  3.2

Action                     || total
---------------------------++-------
  Melee: Short sword       ||    10
         Unarmed           ||     1
         Constrict         ||     1
   Stab: Sleeping          ||     4
 Armour: Skin              ||    11
  Dodge: Dodged            ||     6

Illustrated notes

Table legend:
 A = Kills in this place as a percentage of kills in the entire game.
 B = Kills by you in this place as a percentage of kills by you in the entire game.
 C = Kills by friends in this place as a percentage of kills by friends in the entire game.
 D = Other kills in this place as a percentage of other kills in the entire game.
 E = Experience gained in this place as a percentage of experience gained in the entire game.
 F = Experience gained in this place divided by the number of levels of this place that you have seen.
                   A       B       C       D       E      F
               +-------+-------+-------+-------+-------+----------------------
         Total | 100.0 | 100.0 |   N/A |   N/A | 100.0 |  12.0
       Dungeon | 100.0 | 100.0 |   N/A |   N/A | 100.0 |  12.0
               +-------+-------+-------+-------+-------+----------------------

Table legend: (Time is in decaauts)
 A = Elapsed time spent in this place.
 B = Non-inter-level travel time spent in this place.
 C = Inter-level travel time spent in this place.
 D = Time resting spent in this place.
 E = Time spent auto-exploring this place.
 F = Levels seen in this place.
 G = Mean time per level.
                   A        B        C        D        E       F      G
               +--------+--------+--------+--------+--------+-----+--------+
         Total |    240 |    225 |     15 |      0 |    159 |   1 |  240.0 |
       Dungeon |    240 |    225 |     15 |      0 |    159 |   1 |  240.0 |
               +--------+--------+--------+--------+--------+-----+--------+

Top non-repeatable levels by time:
     D:1: 240 daAuts
